Map: Jagannatha LE

Players

Rogue - Winner!

  • Race: Zerg Zerg
  • Spawn Location: 1:00

Stats

  • Race: Protoss Protoss
  • Spawn Location: 7:00

Event: IEM Katowice 2021

VOD

Have the link to the VOD?

Description

Time

  • Played on: Feb. 25, 2021, 9:44 a.m.
  • Length: 11:02

All games in this series

Show
View Real Time Build Order
Export as new Build Order

Rogue Zerg - Winner!

Build Orders: Hatch First, Muta Ling Bane 

Get SALT Encoding   

  12  0:00  Drone  
  13  0:12  Overlord  
  13  0:17  Drone  
  14  0:32  Drone  
  15  0:43  Drone x2  
  17  0:53  Hatchery  
  17  0:56  Drone  
  17  0:59  Drone  
  18  1:10  Extractor  
  17  1:14  Spawning Pool  
  17  1:18  Drone  
  17  1:21  Drone  
  18  1:28  Drone  
  19  1:39  Overlord  
  19  1:49  Drone  
  20  2:00  Queen  
  22  2:01  Zergling x2  
  22  2:04  Queen  
  22  2:05  Zergling x2  
  26  2:11  Drone  
  26  2:13  Metabolic Boost  
  27  2:16  Drone  
  27  2:21  Drone  
  29  2:26  Drone  
  30  2:32  Drone  
  31  2:42  Hatchery  
  31  2:44  Zergling x2  
  31  2:51  Queen  
  31  2:55  Overlord  
  31  2:57  Drone  
  34  2:59  Drone  
  34  3:04  Drone  
  36  3:16  Drone x6  
  42  3:25  Overlord  
  42  3:26  Queen  
  42  3:32  Spore Crawler  
  43  3:36  Drone  
  44  3:44  Drone  
  44  3:47  Drone x3  
  48  3:49  Drone x2  
  48  3:51  Spore Crawler  
  48  3:52  Queen  
  48  3:55  Drone  
  52  4:03  Overlord, Roach Warren  
  52  4:04  Zergling x4  
  53  4:11  Evolution Chamber  
  53  4:16  Spore Crawler  
  52  4:18  Overlord  
  52  4:19  Overlord  
  50  4:25  Drone x5  
  50  4:27  Drone x2  
  50  4:28  Overlord  
  57  4:31  Overlord  
  57  4:41  Drone x5  
  57  4:42  Drone  
  57  4:44  Drone  
  57  4:45  Drone x2  
  60  4:46  Drone  
  60  4:50  Drone x2  
  64  4:54  Queen  
  64  4:57  Zerg Melee Weapons Level 1  
  64  4:58  Drone  
  67  5:04  Extractor  
  67  5:05  Zergling x6  
  67  5:06  Baneling Nest, Drone  
  68  5:09  Drone x2  
  68  5:11  Drone  
  68  5:13  Extractor  
  68  5:14  Extractor, Drone  
  70  5:17  Drone  
  71  5:25  Extractor  
  71  5:26  Extractor, Lair  
  68  5:30  Zergling x6  
  68  5:32  Hatchery  
  68  5:33  Drone x3  
  68  5:34  Drone  
  71  5:36  Drone  
  71  5:37  Drone  
  71  5:42  Drone x2  
  75  5:43  Drone  
  75  5:48  Drone  
  77  5:52  Drone  
  77  5:55  Drone, Queen  
  80  5:59  Drone, Queen  
  80  6:04  Drone x2  
  85  6:08  Drone  
  86  6:13  Overlord x3, Drone x3  
  86  6:16  Overlord  
  89  6:20  Drone  
  89  6:21  Overlord  
  89  6:27  Spire  
  89  6:29  Zergling x2  
  89  6:30  Overlord  
  89  6:31  Centrifical Hooks  
  89  6:35  Zergling x8  
  93  6:41  Zergling x2  
  93  6:42  Zergling x12  
  93  6:44  Zergling x4  
  102  6:48  Zergling x4  
  102  6:49  Zergling x2  
  102  6:50  Extractor  
  102  6:53  Extractor  
  100  6:55  Drone x3  
  100  6:59  Drone x2  
  105  7:03  Drone  
  105  7:06  Zerg Melee Weapons Level 2  
  106  7:08  Zergling x2  
  106  7:09  Zergling x8  
  106  7:10  Zergling x2  
  106  7:12  Hatchery  
  109  7:19  Drone x3  
  109  7:21  Overlord  
  111  7:40  Mutalisk x6  
  111  7:41  Mutalisk x6  
  133  7:44  Zerg Flyer Weapons Level 1  
  133  7:48  Mutalisk x2  
  136  7:52  Drone x4  
  138  7:59  Mutalisk x2  
  138  8:02  Drone  
  138  8:05  Zergling x14  
  146  8:09  Overlord  
  146  8:11  Baneling x7  
  145  8:16  Drone x4  
  145  8:18  Zergling x4  
  150  8:21  Zergling x2  
  147  8:31  Mutalisk  
  147  8:33  Mutalisk x5  
  156  8:34  Overlord  
  156  8:35  Zergling x2  
  156  8:36  Zergling x2  
  156  8:40  Mutalisk  
  157  8:43  Mutalisk  
  156  8:49  Zergling x14  
  156  8:51  Drone  
  156  8:52  Drone x2  
  166  8:57  Extractor  
  166  8:58  Extractor  
  164  9:03  Mutalisk x4  
  164  9:04  Overlord  
  164  9:05  Overlord  
  172  9:11  Zergling x2  
  172  9:12  Zergling x2, Overlord x2  
  172  9:14  Overlord  
  172  9:15  Overlord  
  166  9:17  Overlord  
  166  9:21  Corruptor  
  166  9:22  Corruptor x2  
  166  9:23  Drone  
  166  9:29  Corruptor  
  166  9:30  Corruptor x2  
  168  9:36  Corruptor  
  170  9:40  Corruptor  
  170  9:41  Drone x2  
  170  9:42  Drone x4  
  176  9:48  Zergling x2  
  176  9:51  Corruptor  
  167  9:55  Corruptor  
  167  9:56  Corruptor  
  167  9:59  Corruptor  
  171  10:03  Corruptor  
  171  10:05  Zergling x2  
  171  10:06  Zergling x12  
  182  10:11  Corruptor  
  180  10:20  Corruptor x3  
  181  10:27  Mutalisk x2  
  181  10:28  Zergling x2  
  181  10:29  Zergling x14  
  196  10:53  Hatchery  
Show
View Real Time Build Order
Export as new Build Order

Stats Protoss 

Build Orders: 1 Gate Expand, Oracle Opening 

Get SALT Encoding   

  12  0:00  Probe  
  13  0:14  Pylon  
  13  0:17  Probe (Chrono Boost)  
  14  0:26  Probe (Chrono Boost)  
  15  0:32  Probe  
  16  0:39  Gateway  
  16  0:44  Probe  
  16  0:48  Assimilator  
  17  0:56  Probe  
  18  1:08  Probe  
  19  1:20  Probe  
  20  1:26  Nexus  
  20  1:35  Cybernetics Core  
  20  1:39  Probe  
  21  1:44  Assimilator  
  21  1:51  Probe  
  22  1:54  Pylon  
  22  2:02  Probe  
  23  2:09  Adept (Chrono Boost)  
  23  2:10  Probe  
  26  2:18  Stargate, Probe  
  27  2:27  Warp Gate  
  27  2:30  Probe (Chrono Boost)  
  27  2:34  Adept  
  30  2:39  Probe (Chrono Boost)  
  32  2:48  Probe x2 (Chrono Boost)  
  33  2:53  Probe (Chrono Boost)  
  33  2:56  Void Ray (Chrono Boost), Probe  
  35  3:05  Probe  
  40  3:08  Probe  
  40  3:11  Assimilator  
  41  3:17  Pylon, Probe  
  42  3:20  Probe  
  42  3:24  Gateway  
  43  3:29  Probe  
  43  3:32  Probe  
  45  3:35  Oracle  
  48  3:41  Probe  
  48  3:44  Probe  
  50  3:50  Pylon  
  50  3:52  Stargate  
  50  3:54  Probe  
  51  3:56  Probe  
  52  4:06  Probe  
  52  4:08  Probe  
  54  4:16  Void Ray (Chrono Boost), Adept  
  56  4:21  Pylon  
  56  4:23  Nexus  
  56  4:29  Assimilator  
  60  4:32  Probe x2  
  60  4:37  Void Ray (Chrono Boost)  
  62  4:43  Adept  
  62  4:44  Adept  
  70  4:46  Probe x2  
  70  5:00  Pylon  
  68  5:11  Robotics Facility  
  68  5:14  Void Ray (Chrono Boost)  
  68  5:15  Probe x2  
  68  5:16  Void Ray (Chrono Boost)  
  78  5:35  Probe x2 (Chrono Boost)  
  80  5:39  Probe (Chrono Boost)  
  81  5:47  Probe x2 (Chrono Boost)  
  81  5:49  Forge, Probe (Chrono Boost)  
  84  5:51  Twilight Council  
  84  5:52  Probe x2 (Chrono Boost)  
  84  5:53  Shield Battery  
  84  5:54  Probe (Chrono Boost)  
  87  5:59  Pylon  
  87  6:01  Probe x2  
  87  6:03  Robotics Bay, Assimilator  
  89  6:04  Observer  
  89  6:05  Probe  
  89  6:06  Assimilator  
  89  6:10  Pylon  
  91  6:12  Pylon  
  91  6:13  Pylon, Probe x2  
  91  6:17  Probe  
  94  6:25  Probe x2  
  96  6:29  Probe  
  97  6:35  Gateway  
  97  6:37  Gateway, Probe x2  
  97  6:39  Gateway  
  99  6:43  Protoss Ground Weapons Level 1, Charge  
  99  6:45  Gateway  
  99  6:47  Gateway  
  99  6:48  Gateway  
  99  6:49  Colossus (Chrono Boost)  
  105  6:57  Extended Thermal Lance  
  105  6:59  Templar Archives  
  105  7:02  Nexus  
  105  7:04  Pylon, Gateway  
  101  7:19  Shield Battery  
  101  7:26  Psionic Storm  
  101  7:27  Gateway  
  101  7:31  Colossus (Chrono Boost)  
  107  7:38  Nexus  
  107  7:40  Pylon, High Templar x3  
  107  7:41  Zealot x2  
  107  7:42  Zealot  
  119  7:44  Pylon  
  119  7:51  Photon Cannon  
  119  7:52  Photon Cannon  
  119  7:57  High Templar  
  121  8:07  Shield Battery, Photon Cannon  
  121  8:09  Shield Battery, Photon Cannon  
  121  8:10  Phoenix (Chrono Boost)  
  121  8:11  Phoenix (Chrono Boost)  
  125  8:13  Shield Battery  
  125  8:16  Photon Cannon  
  125  8:18  Photon Cannon x2  
  123  8:33  Phoenix x2 (Chrono Boost)  
  123  8:43  Zealot  
  121  8:50  Phoenix (Chrono Boost)  
  121  8:51  Phoenix (Chrono Boost)  
  125  9:02  Shield Battery  
  125  9:06  Fleet Beacon  
  125  9:09  Photon Cannon  
  124  9:11  Shield Battery  
  124  9:12  Phoenix (Chrono Boost)  
  124  9:13  Phoenix (Chrono Boost)  
  124  9:15  Templar Archives  
  122  9:32  Phoenix x2  
  122  9:34  Probe x3  
  122  9:35  Probe  
  130  9:43  Assimilator  
  130  9:46  Probe x2  
  130  9:47  Assimilator, Probe x2  
  118  9:57  Phoenix x2 (Chrono Boost)  
  118  9:58  Shield Battery  
  118  9:59  Photon Cannon  
  114  10:01  Photon Cannon  
  111  10:16  Phoenix x2 (Chrono Boost)  
  110  10:22  Zealot x5  
  110  10:28  Probe x4  
  121  10:35  Pylon  
  121  10:38  Phoenix (Chrono Boost)  
  125  10:48  Stalker x4  
  125  10:49  Stalker  

Tags
 
Add a new tag
Caveats
  • Supply blocks, unpowered buildings, or Contaminate may cause inaccurate times.
  • Supply counts are checked every 10 seconds.